 Dungeon Crawl Stone Soup version 0.29-a0-676-ga64570c9d2 (webtiles) character file.

Game seed: 17325124985537671810

11006 Sobieck the Destroyer (level 11, -6/67 HPs)
             Began as a Tengu Conjurer on June 24, 2022.
             Was a Priest of Vehumet.
             Mangled by a centaur warrior simulacrum (13 damage)
             ... while petrified by a basilisk
             ... on level 11 of the Dungeon.
             The game lasted 00:35:02 (15588 turns).

Sobieck the Destroyer (Tengu Conjurer)             Turns: 15588, Time: 00:35:03

Health: -6/67      AC:  6    Str:  8    XL:     11   Next: 71%
Magic:  11/31      EV:  2    Int: 29    God:    Vehumet [***...]
Gold:   719        SH:  0    Dex: 12    Spells: 1/24 levels left

rFire   . . .      SeeInvis .   x - +4 falchion (freeze) {long}
rCold   . . .      Faith    .   (no shield)
rNeg    + + +      Spirit   .   D - +2 robe {Archmagi}
rPois   ∞          Reflect  +   k - +0 hat
rElec   .          Harm     .   (no cloak)
rCorr   .          Rampage  .   a - +1 pair of gloves
Will    .....      Archmagi +   (boots unavailable)
Stlth   ++........              H - amulet of reflection
HPRegen 0.21/turn               s - ring of magical power
MPRegen 0.22/turn               p - +6 ring of intelligence

@: petrified, flying quickly and evasively, quick
A: beak, talons 3, nimble flight
a: Renounce Religion


You were on level 11 of the Dungeon.
You worshipped Vehumet.
Vehumet was most pleased with you.
You visited 2 branches of the dungeon, and saw 12 of its levels.

You collected 719 gold pieces.


Innate Abilities, Weirdness & Mutations

You have a beak for a mouth.
You have claws for feet.
Your magical nature lets you fly swiftly and evasively.


   Skills:
 + Level 7.3 Fighting
 - Level 2.1 Dodging
 - Level 2.0 Stealth
 + Level 7.1 Spellcasting
 + Level 14.0 Conjurations
 - Level 5.0 Hexes
 - Level 6.0 Translocations
 + Level 1.9 Ice Magic
 - Level 5.0 Air Magic
 + Level 1.0 Poison Magic


You had one spell level left.
You knew the following spells:

 Your Spells              Type           Power      Damage    Failure   Level
a - Magic Dart            Conj           100%       1d8       0%          1
b - Searing Ray           Conj           100%       2d8       1%          2
c - Fulminant Prism       Conj/Hex       39%        3d18      1%          4
d - Iskenderun's Mystic   Conj/Tloc      80%        2d16      1%          4
e - Olgreb's Toxic Radia  Pois           24%        N/A       9%          4
f - Swiftness             Air            56%        N/A       1%          3
g - Freezing Cloud        Conj/Ice/Air   33%        6-21      2%          5

Your spell library contained the following spells:

 Spells                   Type           Power      Damage    Failure   Level
 Beastly Appendage        Tmut           30%        N/A       4%          1
 Ensorcelled Hibernation  Hex/Ice        90%        N/A       1%          2
 Static Discharge         Conj/Air       78%        N/A       1%          2
 Dazzling Flash           Conj/Hex       100%       N/A       1%          3
 Gell's Gravitas          Tloc           61%        N/A       1%          3
 Lesser Beckoning         Tloc           61%        N/A       1%          3
 Mephitic Cloud           Conj/Pois/Air  65%        N/A       1%          3
 Teleport Other           Tloc           61%        N/A       1%          3
 Ignite Poison            Fire/Tmut/Pois 18%        N/A       3%          3
 Passwall                 Tmut/Erth      12%        N/A       8%          2
 Wereblood                Tmut           15%        N/A       8%          2
 Spider Form              Tmut/Pois      20%        N/A       12%         3

Inventory:

Hand Weapons
 e - a +0 dagger {short}
   (You took it off a kobold on level 1 of the Dungeon)
 f - a +0 short sword {short}
   (You took it off a kobold on level 1 of the Dungeon)
 h - a +0 dagger {short}
   (You took it off a kobold on level 1 of the Dungeon)
 i - a +0 club {mace}
   (You found it on level 1 of the Dungeon)
 t - a +0 dagger {short}
   (You took it off a goblin on level 1 of the Dungeon)
 x - a +4 falchion of freezing (weapon) {long}
   (You found it on level 2 of the Dungeon)
 S - a +1 hand axe of flaming {axe}
   (You found it on level 3 of the Dungeon)
Missiles
 A - 24 poisoned darts {throwing}
 P - 3 curare-tipped darts {=fthrowing}
 R - 3 javelins {throwing}
Armour
 a - a +1 pair of gloves (worn)
   (You found it on level 7 of the Dungeon)
 k - a +0 hat (worn)
   (You found it on level 6 of the Dungeon)
 D - a +2 robe of the Archmagi (worn)
   (You took it off Josephine on level 11 of the Dungeon)
 W - the +4 scale mail "Ytu Litamess" {Str-2 Int+3 Dex+6}
   (You found it on level 4 of the Dungeon)

   Str:       It affects your strength (-2).
   Int:       It affects your intelligence (+3).
   Dex:       It affects your dexterity (+6).
Jewellery
 d - a ring of protection from cold
   (You found it on level 5 of the Dungeon)
 p - a +6 ring of intelligence (right hand)
   (You acquired it on level 8 of the Dungeon)
 s - a ring of magical power (left hand)
   (You found it on level 5 of the Dungeon)
 B - an amulet of guardian spirit
   (You found it on level 2 of the Dungeon)
 H - an amulet of reflection (around neck)
   (You found it on level 3 of the Dungeon)
 I - an amulet of the acrobat
   (You took it off an orc wizard on level 9 of the Dungeon)
 Z - an amulet of regeneration {@e2}
   (You found it on level 8 of the Dungeon)
Wands
 g - a wand of paralysis (14)
   (You found it on level 5 of the Dungeon)
 w - a wand of flame (4)
   (You took it off Grinder on level 6 of the Dungeon)
 C - a wand of iceblast (2)
   (You found it on level 7 of the Dungeon)
 F - a wand of digging (11)
   (You took it off a gnoll on level 5 of the Dungeon)
 M - a wand of polymorph (3)
   (You found it on level 10 of the Dungeon)
 O - a wand of mindburst (20)
   (You found it on level 3 of the Dungeon)
 U - a wand of acid (6)
   (You found it on level 9 of the Dungeon)
Scrolls
 c - 2 scrolls of immolation {!r!r}
 l - a scroll of noise {!r}
 m - a scroll of silence {!r}
 o - 2 scrolls of teleportation {@r4}
 r - 5 scrolls of amnesia
 y - 2 scrolls of poison {!r}
 E - a scroll of blinking {!r}
 G - 2 scrolls of enchant armour
 J - a scroll of fear {unknown}
 K - 2 scrolls of fog
Potions
 b - 3 potions of magic
 j - 6 potions of heal wounds {@q2}
 n - 2 potions of curing {@q1}
 q - 2 potions of flight
 u - 2 potions of degeneration {!q@e2}
 v - 3 potions of brilliance
 z - a potion of mutation {!q}
 L - a potion of cancellation
 N - a potion of ambrosia
 T - 3 potions of haste {@q3}
 V - 2 potions of lignification {!q}
 X - a potion of resistance
 Y - 2 potions of might

Dungeon Overview and Level Annotations

Branches:
Dungeon (11/15) Zot: 25887  Temple (1/1) D:5 Zot: 5942    Lair (0/6) D:11
    Orc: D:9-12

Altars:
Ashenzari
Cheibriados
Dithmenos
Fedhas
Gozag
Makhleb
Okawaru
Sif Muna
Vehumet
Xom
Zin
Lugonu

Shops:
D:3 [   D:5 =*

Portals:
Abyss: D:6

Annotations:
D:3 1 runed translucent door, Crazy Yiuf
D:4 2 transporters
D:6 2 runed translucent doors

.......Z... #.........#
. #.........#
#.......z.# #
.........# ## ......§|#
.### .######.l§)######
.#.# ........yZ........
...# ........@.........
...# #######.#########.
...############.#.....#
.............##.#.....#
...÷...........)).....#
)#....).)†).))###.....#
.#............# .....#
##............# .....#
##............# .....#


You could see a skeletal warrior, a basilisk, a meliai and a centaur warrior
simulacrum.


Message History

Vehumet accepts your kill.
A centaur warrior comes into view.
Danger!
Casting: Freezing Cloud (dangerous; 2% risk of failure)
Confirm with . or Enter, or press ? or * to list all spells.
Aiming: Freezing Cloud (dangerous; 2% risk of failure)
Press: ? - help, Dir - move target You feel a surge of power!
The centaur warrior shouts!
The centaur warrior is engulfed in freezing vapours.
The centaur warrior wields a +0 shortbow.
The centaur warrior shoots an arrow.
The arrow hits you!!
Unknown command.
The centaur warrior is engulfed in freezing vapours.
Unknown command.
Casting: Freezing Cloud (dangerous; 2% risk of failure)
Confirm with . or Enter, or press ? or * to list all spells.
You feel a surge of power!
You begin to radiate toxic energy.
The centaur warrior is poisoned.
The centaur warrior is engulfed in freezing vapours.
The centaur warrior shoots an arrow.
The arrow hits you!
The centaur warrior is engulfed in freezing vapours.
Unknown command.
Okay, then.
Casting: Olgreb's Toxic Radiance (dangerous; 13% risk of failure)
Confirm with . or Enter, or press ? or * to list all spells.
Aiming: Fulminant Prism (safe; 1% risk of failure)
Press: ? - help, Dir - move target You feel a surge of power!
You conjure a prism of explosive energy!
A fulminant prism comes into view.
The centaur warrior looks even sicker.
Your toxic aura wanes.
The centaur warrior is engulfed in freezing vapours.
The centaur warrior shoots an arrow.
The arrow hits your fulminant prism!!
You hear a loud crackle.
Vehumet accepts your kill.
You feel a bit more experienced.
You hear an explosion!
You hear a roar!
A basilisk comes into view.
You see here a +0 shortbow {bow}.
Danger!
Casting: Fulminant Prism (safe; 1% risk of failure)
Confirm with . or Enter, or press ? or * to list all spells.
Aiming: Fulminant Prism (safe; 1% risk of failure)
Press: ? - help, Dir - move target You feel a surge of power!
You conjure a prism of explosive energy!
The basilisk hisses angrily.
A fulminant prism comes into view.
A centaur warrior simulacrum comes into view. x2
The basilisk gazes at you.
You are slowing down.
The centaur warrior simulacrum completely misses your fulminant prism.
The centaur warrior simulacrum kicks your fulminant prism.
The centaur warrior simulacrum freezes your fulminant prism!
Your fulminant prism resists.
Your fulminant prism crackles loudly.
The blast of energy engulfs the basilisk!
The blast of energy engulfs the centaur warrior simulacrum!
Vehumet accepts your kill.
You feel your power returning.
You feel a bit more experienced.
You hear an angry buzzing noise.
A meliai comes into view.
It is wielding a +0 hand axe and wearing the dreamshard necklace {*Dream Drain}.
You hear a bellow! x2
Your limbs are stiffening.
Your Conjurations skill increases to level 14!
Your Poison Magic skill increases to level 1!
Casting: Fulminant Prism (safe; 1% risk of failure)
Confirm with . or Enter, or press ? or * to list all spells.
Aiming: Fulminant Prism (safe; 1% risk of failure)
Press: ? - help, Dir - move target You feel a surge of power!
You conjure a prism of explosive energy!
A fulminant prism comes into view.
The centaur warrior simulacrum hits your fulminant prism.
The centaur warrior simulacrum freezes your fulminant prism.
Your fulminant prism resists.
The centaur warrior simulacrum kicks your fulminant prism.
The centaur warrior simulacrum freezes your fulminant prism!
Your fulminant prism resists.
The meliai mumbles some strange prayers to its god against you.
Something smites you!
* * * LOW HITPOINT WARNING * * *
You have turned to stone.
A skeletal warrior comes into view. It is wielding a +0 mace.
The meliai invokes the aid of its god against you.
Something smites you!
* * * LOW HITPOINT WARNING * * *
The meliai calls down the wrath of its god upon you.
Something smites you!
* * * LOW HITPOINT WARNING * * *
The meliai hits you with a +0 hand axe.
* * * LOW HITPOINT WARNING * * *
The meliai stings you.
* * * LOW HITPOINT WARNING * * *
The centaur warrior simulacrum hits you!
* * * LOW HITPOINT WARNING * * *
The centaur warrior simulacrum freezes you!!
You die...

Skill      XL: |  1  2  3  4  5  6  7  8  9 10 11 |
---------------+----------------------------------+-----
Conjurations   | 6 7 8 9 10 12 13 14 | 14.0
Hexes          | 1 2 3 4 5 |  5.0
Translocations | 2 5 6 |  6.0
Fighting       | 3 6 7 |  7.3
Spellcasting   | 3 6 7 |  7.1
Air Magic      | 5 |  5.0
Ice Magic      | 1 |  1.9
Poison Magic   | 1 |  1.0
Dodging        | |  2.1
Stealth        | |  2.0

Action                   |  1- 3 |  4- 6 |  7- 9 | 10-12 || total
-------------------------+-------+-------+-------+-------++-------
Melee: Falchion          |       |     8 |       |       ||     8
       Kick              |       |     1 |       |       ||     1
 Cast: Magic Dart        |    76 |    52 |   118 |   123 ||   369
       Searing Ray       |       |    17 |    58 |    41 ||   116
       Fulminant Prism   |       |       |     2 |    31 ||    33
       Freezing Cloud    |       |       |       |    17 ||    17
       Iskenderun's Myst |       |       |       |     2 ||     2
       Olgreb's Toxic Ra |       |       |       |     1 ||     1
  Use: Potion            |       |     1 |       |       ||     1
       Scroll            |       |       |    20 |     9 ||    29
Armor: Robe              |       |     4 |     6 |     4 ||    14
Dodge: Dodged            |     3 |    15 |    46 |    21 ||    85
Block: Orb               |       |     6 |       |       ||     6
       Other             |       |       |    12 |    11 ||    23
       Reflection        |       |       |     2 |     3 ||     5

Levels and vault maps discovered:
D:1:      amcnicky_arrival_double_pillar, layout_basic,
          hangedman_decor_clover_reticule, hangedman_decor_riveting
D:2:      layout_basic, hellmonk_ecumenical_altar_run_dry, serial_aquarium,
          aquarium_bridge_straight [aquarium_subvault_bridge,
          aquarium_subvault_balcony, aquarium_subvault_bridge,
          aquarium_subvault_wall], aquarium_bridge_square
          [aquarium_subvault_bridge, aquarium_subvault_wall,
          aquarium_subvault_window, aquarium_subvault_bridge],
          aquarium_window_1, aquarium_window_1, aquarium_view_2d,
          aquarium_balcony_5b, aquarium_pool_1, serial_bayou_pond_b,
          serial_bayou_pond_e, minmay_3d_cube
D:3:      layout_rooms, nicolae_overflow_squiral, serial_shops, shop_fountains,
          corexii_corridor_pit, uniq_crazy_yiuf_cottage, uniq_natasha,
          uniq_robin
D:4:      gammafunk_cloud_chamber, layout_cave_pods, evilmike_ruin_ashenzari
D:5:      layout_basic, kennysheep_okawaru_gauntlet, minmay_temple_entry_tees,
          nicolae_shop_unique_rings, minmay_shop_mass, uniq_pikel
D:6:      due_chaos_kobolds, layout_loops_ring,
          grunt_temple_overflow_champion_of_chaos, minmay_misc_feat_tower,
          uniq_grinder
D:7:      layout_loops_corners, fedhas_altar_4
D:8:      layout_cave_pods, mainiacjoe_overflow_alcove_4, grunt_dithmenos_smoke,
          roderic_batcave, uniq_maggie
D:9:      layout_irregular_city, uniq_prince_ribbit1
D:10:     layout_basic
D:11:     minmay_cut_squares, layout_basic, erik_lair_orcish_takeover,
          orc_0_dummy, serial_shops, shop, uniq_josephine
Temple:   nicolae_temple_figure_eight

Notes
Turn   | Place    | Note
-------+----------+-------------------------------------------
     0 | D:1      | Sobieck the Tengu Conjurer began the quest for the Orb.
     0 | D:1      | Reached XP level 1. HP: 10/10 MP: 4/4
   255 | D:1      | Reached XP level 2. HP: 15/15 MP: 4/6
   286 | D:1      | Reached skill level 6 in Conjurations
   289 | D:1      | Learned a level 2 spell: Searing Ray
  1017 | D:1      | Reached XP level 3. HP: 19/19 MP: 5/7
  1508 | D:2      | Found a faded altar of an unknown god.
  1709 | D:2      | Reached skill level 7 in Conjurations
  2141 | D:2      | You pick up a book of Displacement and begin reading...
  2141 | D:2      | You add the spells Lesser Beckoning, Gell's Gravitas and
                  | Teleport Other to your library.
  2252 | D:2      | Reached XP level 4. HP: 24/24 MP: 6/8
  2555 | D:3      | Found Vyer Hanaq's Armour Shoppe.
  2578 | D:3      | Reached skill level 8 in Conjurations
  2630 | D:3      | Noticed Natasha
  2678 | D:3      | Killed Natasha
  2679 | D:3      | Gained mutation: Your magical nature lets you fly swiftly
                  | and evasively. [Tengu growth]
  2679 | D:3      | Reached XP level 5. HP: 28/28 MP: 4/9
  2703 | D:3      | Noticed Natasha
  2713 | D:3      | Killed Natasha
  2719 | D:3      | Learned a level 4 spell: Fulminant Prism
  2757 | D:3      | Noticed Natasha
  2763 | D:3      | Killed Natasha
  3033 | D:3      | Found a shimmering blue altar of Sif Muna.
  3069 | D:3      | Found a snail-covered altar of Cheibriados.
  3209 | D:3      | Found a runed translucent door.
  3210 | D:3      | Noticed Crazy Yiuf
  3264 | D:3      | Noticed Robin
  3271 | D:3      | Killed Robin
  3273 | D:3      | Reached skill level 1 in Hexes
  3283 | D:3      | Reached XP level 6. HP: 32/32 MP: 0/10
  3431 | D:3      | Reached skill level 9 in Conjurations
  3717 | D:4      | Found a broken altar of Ashenzari.
  3829 | D:4      | Found a transporter.
  4243 | D:4      | Reached skill level 2 in Hexes
  4378 | D:4      | Identified the +4 scale mail "Ytu Litamess" {Str-2 Int+3
                  | Dex+6}
  4489 | D:4      | Reached XP level 7. HP: 36/36 MP: 3/11
  4743 | D:4      | Found a transporter.
  4748 | D:4      | Noticed a fire bat
  4748 | D:4      | Noticed a fire bat
  4748 | D:4      | Noticed a fire bat
  4886 | D:4      | Reached skill level 10 in Conjurations
  5097 | D:5      | Entered Level 5 of the Dungeon
  5283 | D:5      | Found Dibuel's One-of-a-Kind Rings.
  5411 | D:5      | Reached skill level 3 in Hexes
  5889 | D:5      | Reached XP level 8. HP: 29/41 MP: 12/12
  5983 | D:5      | Found a staircase to the Ecumenical Temple.
  5990 | Temple   | Entered the Ecumenical Temple
  6032 | Temple   | Became a worshipper of Vehumet
  6134 | D:5      | Reached skill level 11 in Conjurations
  6139 | D:5      | Learned a level 4 spell: Iskenderun's Mystic Blast
  6510 | D:5      | Reached skill level 4 in Hexes
  6645 | D:5      | Found an iron altar of Okawaru.
  6863 | D:5      | Reached skill level 1 in Translocations
  6943 | D:5      | Noticed Pikel
  6954 | D:5      | HP: 5/41 [Pikel/+2 whip of flaming (12)]
  6954 | D:5      | HP: 1/41 [Pikel/+2 whip of flaming (4)]
  6956 | D:5      | Killed Pikel
  6957 | D:5      | Reached skill level 2 in Translocations
  7309 | D:5      | Reached skill level 12 in Conjurations
  7309 | D:5      | Reached XP level 9. HP: 45/45 MP: 13/13
  7492 | D:5      | Found Goss's Mass Market.
  7672 | D:6      | Found the brooch of Shielding {Spirit SH+8}
  7698 | D:6      | Found a one-way gate to the infinite horrors of the Abyss.
  7801 | D:6      | Reached skill level 3 in Translocations
  8083 | D:6      | Reached skill level 5 in Hexes
  8228 | D:6      | Noticed Grinder
  8250 | D:6      | Killed Grinder
  8279 | D:6      | Reached skill level 4 in Translocations
  8402 | D:6      | Found a burning altar of Makhleb.
  8405 | D:6      | Found a shimmering altar of Xom.
  8439 | D:6      | You pick up a book of Burglary and begin reading...
  8439 | D:6      | You add the spells Passwall, Ensorcelled Hibernation and
                  | Swiftness to your library.
  8494 | D:6      | Found a large runed translucent door.
  8496 | D:6      | Found a large runed translucent door.
  8498 | D:6      | Found a corrupted altar of Lugonu.
  8624 | D:6      | Reached * piety under Vehumet
  8624 | D:6      | Offered knowledge of Freeze by Vehumet.
  9106 | D:7      | Reached skill level 13 in Conjurations
  9428 | D:7      | Reached skill level 5 in Translocations
  9794 | D:7      | Reached skill level 1 in Fighting
 10036 | D:7      | Reached skill level 2 in Fighting
 10094 | D:7      | Reached skill level 3 in Spellcasting
 10494 | D:7      | Found a blossoming altar of Fedhas.
 10556 | D:8      | Found a shadowy altar of Dithmenos.
 10563 | D:8      | You pick up a book of Changes and begin reading...
 10563 | D:8      | You add the spells Beastly Appendage, Wereblood and Spider
                  | Form to your library.
 10773 | D:8      | Reached skill level 3 in Fighting
 10773 | D:8      | Reached XP level 10. HP: 56/56 MP: 16/16
 10980 | D:8      | Reached skill level 4 in Spellcasting
 10992 | D:8      | Reached ** piety under Vehumet
 11005 | D:8      | Offered knowledge of Static Discharge by Vehumet.
 11010 | D:8      | Reached skill level 4 in Fighting
 11013 | D:8      | Learned a level 2 spell: Static Discharge
 11142 | D:8      | Found a glowing silver altar of Zin.
 11250 | D:8      | Reached skill level 1 in Air Magic
 11452 | D:8      | Identified a scroll of acquirement
 11458 | D:8      | Acquired a +6 ring of intelligence
 11466 | D:8      | Learned a level 3 spell: Swiftness
 11590 | D:8      | Noticed Maggie
 11601 | D:8      | Killed Maggie
 11602 | D:8      | Reached skill level 2 in Air Magic
 12351 | D:9      | Noticed Prince Ribbit
 12367 | D:9      | Killed Prince Ribbit
 12368 | D:9      | Reached skill level 3 in Air Magic
 12409 | D:9      | Reached skill level 5 in Spellcasting
 12412 | D:9      | Reached skill level 5 in Fighting
 12971 | D:9      | Acquired a Trismegistus Codex
 12972 | D:9      | You add the spells Ignite Poison, Mephitic Cloud and
                  | Freezing Cloud to your library.
 13054 | D:10     | Entered Level 10 of the Dungeon
 13089 | D:10     | Reached skill level 4 in Air Magic
 13563 | D:10     | Reached skill level 5 in Air Magic
 13621 | D:10     | Reached skill level 6 in Fighting
 13621 | D:10     | Reached skill level 6 in Spellcasting
 13625 | D:10     | Reached XP level 11. HP: 64/64 MP: 8/21
 13976 | D:10     | Offered knowledge of Frozen Ramparts by Vehumet.
 14493 | D:11     | Noticed a two-headed ogre
 14500 | D:11     | Killed a two-headed ogre
 14661 | D:11     | Noticed a cyclops
 14691 | D:11     | Killed a cyclops
 14691 | D:11     | Reached *** piety under Vehumet
 14700 | D:11     | Identified a +2 robe of the Archmagi
 14700 | D:11     | Noticed Josephine
 14715 | D:11     | Killed Josephine
 15162 | D:10     | Learned a level 5 spell: Freezing Cloud
 15183 | D:11     | Found a staircase to the Lair.
 15213 | D:11     | Reached skill level 7 in Fighting
 15427 | D:11     | Noticed a six-headed hydra
 15429 | D:11     | Reached skill level 1 in Ice Magic
 15437 | D:11     | Killed a six-headed hydra
 15438 | D:11     | Reached skill level 7 in Spellcasting
 15438 | D:11     | Reached skill level 6 in Translocations
 15449 | D:11     | Offered knowledge of Olgreb's Toxic Radiance by Vehumet.
 15458 | D:11     | Learned a level 4 spell: Olgreb's Toxic Radiance
 15566 | D:11     | Noticed a centaur warrior
 15572 | D:11     | Killed a centaur warrior
 15584 | D:11     | Reached skill level 14 in Conjurations
 15584 | D:11     | Reached skill level 1 in Poison Magic
 15586 | D:11     | Noticed a skeletal warrior
 15587 | D:11     | HP: 14/67 [meliai/divine providence (8)]
 15588 | D:11     | Mangled by a centaur warrior simulacrum

Vanquished Creatures
  Josephine (D:11)
  A hydra (D:11)
  A centaur warrior (D:11)
  A two-headed ogre (D:11)
  Pikel (D:5)
  A cyclops (D:11)
  Maggie (D:8)
  A troll (D:9)
  Grinder (D:6)
  Prince Ribbit (D:9)
  12 yaks
  3 wraiths (D:11)
  A centaur simulacrum (D:11)
  A wyvern (D:8)
  2 wargs (D:11)
  2 acid dragons
  2 water moccasins (D:6)
  2 orc warriors (D:11)
  An ice beast (D:6)
  2 sky beasts
  A black bear (D:5)
  3 ogres
  A centaur (D:5)
  2 phantoms (D:5)
  2 kobold brigands
  A gnoll sergeant (D:10)
  3 scorpions
  3 bullfrogs
  A necrophage (D:7)
  12 wights
  A vampire bat (D:8)
  A jelly (D:5)
  A crimson imp (D:6)
  4 hounds
  8 howler monkeys
  9 orc priests
  2 gnoll shamans
  5 iguanas
  7 orc wizards
  Natasha (thrice) (D:3)
  Robin (D:3)
  12 gnolls
  5 adders
  A shadow imp (D:6)
  2 white imps
  3 ufetubi
  A worm (D:3)
  A dart slug (D:1)
  31 orcs
  7 ball pythons
  15 bats
  11 endoplasms
  5 giant cockroaches
  13 goblins
  7 hobgoblins
  2 jackals (D:2)
  A quokka (D:2)
  5 frilled lizards
  21 kobolds
  6 rats
258 creatures vanquished.

Vanquished Creatures (collateral kills)
  An orc wizard (D:3)
  A worm (D:3)
  A goblin (D:3)
  A hobgoblin (D:3)
  2 rats
6 creatures vanquished.

Vanquished Creatures (others)
  A hobgoblin (D:3)
  33 fulminant prisms
  A plant (D:11)
35 creatures vanquished.

Grand Total: 299 creatures vanquished

Table legend:
 A = Non-vault XP
 B = Vault XP
 C = Vault XP percentage of total XP
 D = Non-vault monster count
 E = Vault monster count
 F = Vault count percentage of total count
                 A         B        C        D         E       F
            +---------+---------+-------+---------+---------+-------
      Total |   10005 |    5719 |  36.4 |     219 |      46 |  17.4
            +---------+---------+-------+---------+---------+-------
        D:1 |      35 |       0 |   0.0 |      21 |       0 |   0.0
        D:2 |      47 |       4 |   7.8 |      21 |       3 |  12.5
        D:3 |     176 |      66 |  27.3 |      22 |      11 |  33.3
        D:4 |     538 |       0 |   0.0 |      23 |       0 |   0.0
        D:5 |    1007 |     611 |  37.8 |      23 |       3 |  11.5
        D:6 |     711 |     310 |  30.4 |      17 |       2 |  10.5
        D:7 |    1090 |       0 |   0.0 |      21 |       0 |   0.0
        D:8 |     983 |     445 |  31.2 |      18 |      11 |  37.9
        D:9 |     852 |     251 |  22.8 |      15 |       1 |   6.2
       D:10 |    2293 |       0 |   0.0 |      24 |       0 |   0.0
       D:11 |    2273 |    4032 |  63.9 |      14 |      15 |  51.7
            +---------+---------+-------+---------+---------+-------

Illustrated notes

Table legend:
 A = Kills in this place as a percentage of kills in entire the game.
 B = Kills by you in this place as a percentage of kills by you in the entire game.
 C = Kills by friends in this place as a percentage of kills by friends in the entire game.
 D = Other kills in this place as a percentage of other kills in the entire game.
 E = Experience gained in this place as a percentage of experience gained in the entire game.
 F = Experience gained in this place divided by the number of levels of this place that you have seen.
                   A       B       C       D       E      F
               +-------+-------+-------+-------+-------+----------------------
         Total | 100.0 | 100.0 | 100.0 | 100.0 | 100.0 | 1310.3
       Dungeon | 100.0 | 100.0 | 100.0 | 100.0 | 100.0 | 1429.5
               +-------+-------+-------+-------+-------+----------------------

Table legend: (Time is in decaauts)
 A = Elapsed time spent in this place.
 B = Non-inter-level travel time spent in this place.
 C = Inter-level travel time spent in this place.
 D = Time resting spent in this place.
 E = Time spent auto-exploring this place.
 F = Levels seen in this place.
 G = Mean time per level.
                   A        B        C        D        E       F      G
               +--------+--------+--------+--------+--------+-----+--------+
         Total |  14975 |  14631 |    344 |   1365 |  11536 |  12 | 1247.9 |
       Dungeon |  14918 |  14591 |    327 |   1365 |  11503 |  11 | 1356.2 |
        Temple |     57 |     40 |     17 |      0 |     32 |   1 |   57.0 |
               +--------+--------+--------+--------+--------+-----+--------+

Top non-repeatable levels by time:
     D:4: 1932 daAuts
     D:5: 1849 daAuts
    D:10: 1762 daAuts
     D:7: 1560 daAuts
     D:2: 1456 daAuts
     D:8: 1448 daAuts
     D:6: 1221 daAuts
     D:1: 1100 daAuts
     D:3: 984 daAuts
     D:9: 914 daAuts
    D:11: 690 daAuts
  Temple: 57 daAuts
